 Dungeon Crawl Stone Soup version 0.30.0-29-ga12c61a403 (webtiles) character file.

Game seed: 13049486845282231646

963 CaptainMV the Sneak (level 7, 0/90 HPs)
             Began as a Red Draconian Wanderer on June 6, 2023.
             Slain by a yak (4 damage)
             ... on level 4 of the Dungeon.
             The game lasted 00:19:10 (2139 turns).

CaptainMV the Sneak (Red Draconian Wanderer)        Turns: 2139, Time: 00:19:11

Health: 0/90       AC: 23    Str: 15    XL:     7   Next: 92%
Magic:  0/7        EV:  2    Int:  8    God:
Gold:   181        SH:  0    Dex: 16    Spells: 6/6 levels left

rFire   . . .        a - +1 dagger (venom)
rCold   . . .        (no shield)
rNeg    . . .        (body armour unavailable)
rPois   +            (helmet currently unavailable)
rElec   .            u - melded scarf {rC+ rF+}
rCorr   .            (gloves currently unavailable)
SInv    .            d - melded +0 pair of boots
Will    .....        s - amulet of guardian spirit
Stlth   +++          (no ring)
HPRegen 0.35/turn    (no ring)
MPRegen 0.10/turn

%: guardian spirit
@: short of breath, tree-form
A: stationary, stasis, torment immunity, boosted hp, (breathe fire), AC +6,
unfitting armour, (fire resistance 1), (cold-blooded)
a: no special abilities


You were on level 4 of the Dungeon.
You were a tree.
You visited 1 branch of the dungeon, and saw 4 of its levels.

You collected 181 gold pieces.

Inventory:

Hand Weapons
 a - a +1 dagger of venom (weapon)
 b - a +1 scythe
Missiles
 c - 2 datura-tipped darts
 e - 8 boomerangs (quivered)
 j - 2 atropa-tipped darts
 v - 4 poisoned darts
Armour
 d - a +0 pair of boots (melded)
 u - a scarf of resistance (melded)
Jewellery
 h - an amulet of the acrobat
 i - a ring of fire
 s - an amulet of guardian spirit (around neck)
Wands
 r - a wand of flame (22)
 t - a wand of acid (6)
Scrolls
 l - a scroll of fog
 w - a scroll of amnesia
Potions
 f - a potion of flight
 g - 2 potions of mutation
 k - 3 potions of haste
 n - a potion of resistance {unknown}
 p - a potion of degeneration {unknown}
 q - a potion of ambrosia {unknown}
 x - a potion of invisibility {unknown}


   Skills:
 + Level 4.4 Fighting
 + Level 4.2 Short Blades
 + Level 2.2 Maces & Flails
 + Level 1.6 Polearms
 + Level 4.2 Throwing
 + Level 2.5 Dodging
 + Level 5.3 Stealth
 + Level 0.1 Evocations


You had 6 spell levels left.
You didn't know any spells.
Your spell library contained the following spells:

 Spells                   Type           Power      Damage    Failure   Level
 Apportation              Tloc           0%         N/A       41%         1
 Lesser Beckoning         Tloc           0%         N/A       54%         2
 Gell's Gravitas          Tloc           0%         N/A       78%         3
 Teleport Other           Tloc           0%         N/A       78%         3
 Alistair's Intoxication  Tmut/Pois      0%         N/A       100%        5


Dungeon Overview and Level Annotations

Branches:
Dungeon (4/15)
 Temple: D:4-7

Altars:
Zin


Innate Abilities, Weirdness & Mutations

You are a tree.
Your roots penetrate the ground, keeping you stationary.
You cannot be teleported.
You are immune to unholy pain and torment.
Your maximum health is greatly increased.
Your equipment is partially melded.
((You can breathe blasts of fire.))
((Your fiery red scales are hard. (AC +6)))
You cannot fit into any form of body armour.
((Your flesh is heat resistant. (rF+)))
((You are cold-blooded and may be slowed by cold attacks.))


Message History

You barely miss the yak.
The yak is severely wounded.
The yak gores you but does no damage.
You hit the yak but do no damage.
The yak looks as sick as possible!
The yak is severely wounded.
The yak gores you!
* * * LOW HITPOINT WARNING * * *
You feel better. The yak gores you!
* * * LOW HITPOINT WARNING * * *
You feel better. The yak gores you!
* * * LOW HITPOINT WARNING * * *
You feel better.
You have got your breath back.
You kill the yak!
Your Fighting skill increases to level 4!
Your Short Blades skill increases to level 4!
Aiming: Breathe Fire (5% risk of failure)
Press: ? - help, Shift-Dir - straight line, f - yak
Aim: a yak (81% to hit)
You breathe a blast of fire.
The fiery breath hits the yak!
The yak is moderately wounded.
The fiery breath hits the yak.
The yak is lightly wounded.
The yak gores you!
* * * LOW HITPOINT WARNING * * *
Unknown command.
Aiming: Corrosive Bolt
Press: ? - help, Q - select action, (/) - cycle Shift-Dir - straight line, f/p - yak
Aim: a yak (lightly wounded, 83% to hit)
The bolt of acid hits the yak!
The acid corrodes the yak!
The yak is severely wounded.
The bolt of acid hits the yak!
The yak is heavily wounded.
The yak closely misses you.
It was a potion of lignification.
You turn into a tree.
Your scarf of resistance melds into your body.
Your +0 pair of boots melds into your body.
You feel hot and cold all over.
Your roots penetrate the ground.
The yak gores you.
You die...

.#.#. #.#.....
##.##.§.##
#....._...
..##...# #.#..Y.
#...#Y#
#..##♣##..#
#........#
#########.#.....##
.......>......###
######.####### #.#
#.# #.# #.#


You could see 2 yaks.

Vanquished Creatures
  Sigmund (D:2)
  3 yaks (D:4)
  A phantom (D:4)
  A scorpion (D:4)
  A jelly (D:4)
  An iguana (D:4)
  3 gnolls (D:3)
  3 adders
  5 worms (D:3)
  6 orcs
  6 ball pythons
  6 bats
  9 endoplasms
  5 giant cockroaches
  6 goblins
  4 hobgoblins
  7 jackals
  10 kobolds
  2 quokkas
  3 frilled lizards
  5 rats
88 creatures vanquished.

Notes
Turn   | Place    | Note
-------+----------+-------------------------------------------
     0 | D:1      | CaptainMV the Draconian Wanderer began the quest for the
                  | Orb.
     0 | D:1      | CaptainMV set off with the following items: a +0 dagger, 2
                  | atropa-tipped darts, 2 datura-tipped darts, a +0 mace, 9
                  | boomerangs, a +0 dagger, a potion of mutation.
     0 | D:1      | Reached XP level 1. HP: 17/17 MP: 1/1
   126 | D:1      | Reached XP level 2. HP: 24/24 MP: 2/2
   346 | D:1      | Reached skill level 3 in Stealth
   381 | D:1      | Reached XP level 3. HP: 26/30 MP: 3/3
   745 | D:2      | Noticed Sigmund
   761 | D:2      | Killed Sigmund
   762 | D:2      | Reached skill level 1 in Short Blades
   762 | D:2      | Reached skill level 1 in Dodging
   762 | D:2      | Reached skill level 4 in Stealth
   762 | D:2      | Reached XP level 4. HP: 14/37 MP: 4/4
   762 | D:2      | Reached XP level 5. HP: 16/42 MP: 5/5
  1518 | D:3      | Reached XP level 6. HP: 13/50 MP: 6/6
  2079 | D:4      | Found a glowing silver altar of Zin.
  2086 | D:4      | Noticed a yak
  2088 | D:4      | Reached skill level 1 in Polearms
  2096 | D:4      | Noticed a yak
  2101 | D:4      | Noticed a yak
  2103 | D:4      | Noticed a yak
  2107 | D:4      | Noticed a yak
  2123 | D:4      | Killed a yak
  2124 | D:4      | Reached skill level 5 in Stealth
  2124 | D:4      | Your scales start taking on a fiery red colour.
  2124 | D:4      | Reached XP level 7. HP: 31/57 MP: 4/7
  2124 | D:4      | Gained mutation: Your flesh is heat resistant. (rF+) [Red
                  | Draconian growth]
  2124 | D:4      | Killed a yak
  2136 | D:4      | Killed a yak
  2137 | D:4      | HP: 2/60 [yak (13)]
  2139 | D:4      | Slain by a yak

Illustrated notes

Levels and vault maps discovered:
D:1:      evilmike_arrival_plus, layout_loops_corners
D:2:      layout_rooms, hangedman_decor_points, minmay_shallow_snake_nest,
          uniq_sigmund
D:3:      kennysheep_six_static_rooms, layout_rooms,
          nicolae_ru_the_path_less_chosen, nicolae_wormholes
D:4:      layout_basic, mainiacjoe_overflow_small_starburst

Skill      XL: |  1  2  3  4  5  6  7 |
---------------+----------------------+-----
Throwing       | 3 4 |  4.2
Stealth        | 3 4 5 |  5.3
Short Blades   | 1 3 4 |  4.2
Dodging        | 1 2 |  2.5
Fighting       | 3 4 |  4.4
Polearms       | 1 |  1.6
Maces & Flails | |  2.2
Evocations     | |  0.1

Action                     |  1- 3 |  4- 6 |  7- 9 || total
---------------------------+-------+-------+-------++-------
  Melee: Dagger            |    75 |   136 |     9 ||   220
         Tailslap          |     8 |    32 |     1 ||    41
         Punch             |     2 |     3 |       ||     5
         Halberd           |       |    11 |       ||    11
  Throw: Boomerang         |     8 |    16 |       ||    24
Ability: Breathe Fire      |       |       |     2 ||     2
  Evoke: Wand              |       |     1 |     1 ||     2
    Use: Scroll            |     1 |     7 |       ||     8
         Potion            |       |     1 |     4 ||     5
   Stab: Sleeping          |     6 |     9 |       ||    15
 Armour: Skin              |    15 |    44 |     2 ||    61
  Dodge: Dodged            |    33 |    71 |     4 ||   108
